 Dungeon Crawl Stone Soup version 0.22.1-5-g62c59d919a (webtiles) character file.

99 Ramireus the Cutter (level 5, 0/35 HPs)
             Began as a Halfling Warper on Jan 10, 2019.
             Slain by a worker ant (7 damage)
             ... on level 3 of the Dungeon.
             The game lasted 00:08:57 (2849 turns).

Ramireus the Cutter (Halfling Warper)               Turns: 2849, Time: 00:08:57

Health: 0/35       AC:  3    Str: 14 (17) XL:     5   Next: 2%
Magic:  16/16      EV: 15    Int:  9 (11) God:
Gold:   111        SH:  0    Dex: 12 (15) Spells: 7/7 levels left

rFire    . . .     SeeInvis +   a - +0 short sword
rCold    . . .     Gourm    .   (shield restricted)
rNeg     . . .     Faith    .   b - +0 leather armour
rPois    .         Spirit   .   (no helmet)
rElec    .         Reflect  .   (no cloak)
rCorr    .         Harm     .   (no gloves)
MR       .....                  (no boots)
Stlth    +.........             (no amulet)
HPRegen  0.11/turn              o - ring of magical power
MPRegen  0.15/turn              r - ring of see invisible

@: mighty, lethally poisoned (0 -> -17)
A: small, mutation resistance 1
a: no special abilities


You were on level 3 of the Dungeon.
You were not hungry.

You visited 1 branch of the dungeon, and saw 3 of its levels.

You collected 111 gold pieces.

Inventory:

Hand Weapons
 a - a +0 short sword (weapon)
Missiles
 e - 5 tomahawks of dispersal (quivered)
 k - 100 stones
Armour
 b - a +0 leather armour (worn)
Jewellery
 o - a ring of magical power (left hand)
 r - a ring of see invisible (right hand)
Scrolls
 c - a scroll of magic mapping {unknown}
 d - a scroll of blinking
 g - 4 scrolls of identify {unknown}
 h - a scroll of amnesia {unknown}
 m - 2 scrolls of remove curse {unknown}
 n - a scroll of immolation {unknown}
 q - 2 scrolls of teleportation {unknown}
Potions
 p - a potion of resistance {unknown}
Comestibles
 f - 3 rations
 l - 3 chunks of flesh


   Skills:
 + Level 2.5 Fighting
 + Level 4.3 Short Blades
 + Level 1.0 Throwing
 + Level 1.7 Armour
 + Level 2.9 Dodging
 + Level 1.6 Spellcasting
   Level 3.2 Translocations


You had 7 spell levels left.
You didn't know any spells.
Your spell library contained the following spells:

 Spells                   Type           Power        Failure   Level  Hunger
 Blink                    Tloc           N/A          17%         2    ###....
 Shroud of Golubria       Chrm/Tloc      #.........   32%         2    ###....
 Gell's Gravitas          Tloc           #.........   32%         3    ####...
 Lesser Beckoning         Tloc           #.........   32%         3    ####...
 Teleport Other           Tloc           #.......     32%         3    ####...
 Passage of Golubria      Tloc           N/A          73%         4    #####..


Dungeon Overview and Level Annotations

Branches:
Dungeon (3/15)

Altars:
Hepliaklqana
Ru
Vehumet
Zin


Innate Abilities, Weirdness & Mutations

You are small and have problems with some larger weapons.
You are somewhat resistant to further mutation.


Message History

You hit the worker ant but do no damage.
The worker ant is moderately wounded.
You feel sick. The worker ant bites you.
* * * LOW HITPOINT WARNING * * *
You are lethally poisoned!
The worker ant poisons you!
You hit the worker ant.
The worker ant is heavily wounded.
* * * LOW HITPOINT WARNING * * *
You feel sick. The worker ant closely misses you.
It was a potion of degeneration.
There was something very wrong with that liquid.
You feel weakened.
You feel dopey.
You feel clumsy.
* * * LOW HITPOINT WARNING * * *
You feel sick. The worker ant closely misses you.
It was a potion of might.
You feel very mighty all of a sudden.
* * * LOW HITPOINT WARNING * * *
You feel sick. The worker ant bites you!
You die...

#. #. #.# #.
#####+#######.# #.
#...........#.# #.
####...........#.# #.
#..............#.# #.
#....##..........###.
#..a.##..............
#...@##..........####
#...%...............)
#.........#.####.####
#.........#..# #.#
#.........##.###.#
#....!....##..##.#
#.........###)##.#
#.........# #..#.#
#####.....# ##.#.#


You could see a worker ant.

Vanquished Creatures
  3 adders
  An ooze (D:1)
  A worm (D:2)
  A dart slug (D:3)
  A leopard gecko (D:3)
  2 orcs (D:3)
  4 giant cockroaches
  4 goblins
  5 hobgoblins
  9 jackals
  8 bats
  2 frilled lizards (D:1)
  12 kobolds
  2 rats
55 creatures vanquished.

Notes
Turn   | Place    | Note
-------+----------+-------------------------------------------
     0 | D:1      | Ramireus the Halfling Warper began the quest for the Orb.
     0 | D:1      | Reached XP level 1. HP: 14/14 MP: 3/3
   411 | D:1      | Reached XP level 2. HP: 14/19 MP: 4/4
   842 | D:1      | Reached skill level 3 in Short Blades
   868 | D:1      | You fall through a shaft!
   876 | D:2      | Reached XP level 3. HP: 24/24 MP: 5/5
  1470 | D:2      | Found a glowing silver altar of Zin.
  1477 | D:2      | Found a sacrificial altar of Ru.
  1479 | D:2      | Found a radiant altar of Vehumet.
  1753 | D:2      | Reached XP level 4. HP: 26/30 MP: 6/6
  2001 | D:2      | Found a hazy altar of Hepliaklqana.
  2677 | D:3      | Reached skill level 4 in Short Blades
  2725 | D:3      | Reached XP level 5. HP: 28/35 MP: 7/7
  2849 | D:3      | Slain by a worker ant

Skill      XL: |  1  2  3  4 |
---------------+-------------+-----
Fighting       | 2 |  2.5
Short Blades   | 3 4 |  4.3
Throwing       | |  1.0
Armour         | |  1.7
Dodging        | |  2.9
Spellcasting   | |  1.6
Translocations | |  3.2

Action                   |  1- 3 |  4- 6 || total
-------------------------+-------+-------++-------
Melee: Short sword       |   192 |    79 ||   271
Throw: Stone             |       |     1 ||     1
  Use: Potion            |       |     2 ||     2
  Eat: Chunk             |     3 |     3 ||     6
Armor: Leather armour    |    33 |    11 ||    44
Dodge: Dodged            |   119 |    47 ||   166
